Carnivores vs Atomiques

Created - October 30, 2018 at 19:10

Goals
1 2 3 OT1 SO T
Carnivores 1 2 1 0 0 4
Atomiques 1 1 2 0 1 5
Shots
1 2 3 OT1 SO T
Carnivores 6 13 11 0 3 30
Atomiques 12 3 10 0 3 25

1st period

1. Carnivores , Blake Geoffrion 4 (Jeremy Williams 1) at 3:51
2. Atomiques , Anthony Nigro 1 (Brock McGinn 7, Jack Skille 5) at 18:15 (PP)

Penalties :
Tyler Brenner (STB) for Hooking (Minor) at 4:25, Brock McGinn (STB) for Hooking (Minor) at 9:15, Josh Manson (Bre) for Cross-checking (Minor) at 11:36, Markus Granlund (Bre) for Hooking (Minor) at 17:50

2nd period

3. Carnivores , Jeremy Williams 4 (Blake Geoffrion 8) at 1:36
4. Atomiques , Eric Gustafsson 1 (Jack Skille 6) at 6:37 (PP)
5. Carnivores , Nikita Alexeev 3 (Jeremy Welsh 2, Markus Granlund 4) at 11:21

Penalties :
Tyler Brenner (STB) for Cross-checking (Minor) at 3:13, Scott Laughton (Bre) for Hooking (Minor) at 6:07, T.J Brodie (Bre) for Hooking (Minor) at 7:03, Brock McGinn (STB) for Holding (Minor) at 14:50, Blake Geoffrion (Bre) for Holding (Minor) at 18:00

3rd period

6. Atomiques , Lucas Wallmark 2 (Bobby Farnham 1, Wiley Sherman 2) at 3:23
7. Atomiques , Lucas Wallmark 3 (Eric Mestery 1, Bobby Farnham 2) at 10:17
8. Carnivores , Jeremy Williams 5 (Sasha Pokulok 1, Hunter Shinkaruk 2) at 16:34

Penalties :
Nikita Alexeev (Bre) for Roughing (Minor) at 0:35, Eric Mestery (STB) for Holding Stick (Minor) at 6:48

Overtime #1

No Goal

Penalties :
No Penalty

Shootout

Penalty Shot by Blake Geoffrion for Carnivores - Shot Misses the Net
Penalty Shot by Dwight King for Atomiques - Shot Misses the Net
Penalty Shot by Jeremy Williams for Carnivores - Shot Misses the Net
Penalty Shot by Jack Skille for Atomiques - Stopped by Niklas Svedberg
Penalty Shot by Nikita Alexeev for Carnivores - Shot Misses the Net
Penalty Shot by Ryan Shannon for Atomiques - Goal!

Penalties :
No Penalty

Goalie Stats

Niklas Svedberg (Bre), 21 saves from 25 shots - (0.840), OTL, 0-4-1, 65:00 minutes
Jake Allen (STB), 26 saves from 30 shots - (0.867), W, 2-4-2, 65:00 minutes

Players Stats for Carnivores

Player Name              G  A  P  +/- PIM S  H  SB GA TA FO     MP     PP MP  PK MP  
------------------------------------------------------------------------------------
Blake Geoffrion          1  1  2   3  2   7  1  0  0  1  1/1    24:11   5:15   3:52 
Curtis Lazar             0  0  0  -2  0   0  0  0  0  0  0/0     9:10   0:13   0:00 
David Schlemko           0  0  0   1  0   2  0  1  0  0  0/0    11:09   0:00   0:05 
Frederik Gauthier        0  0  0  -2  0   0  1  1  0  0  0/1    10:34   0:00   2:02 
Hunter Shinkaruk         0  1  1  -2  0   1  4  0  0  0  0/0     7:48   0:00   0:34 
Jeremy Welsh             0  1  1   1  0   2  1  0  1  0  0/0    16:24   4:37   0:00 
Jeremy Williams          2  1  3   3  0   4  2  0  1  0  0/0    21:36   5:05   2:14 
Josh Manson              0  0  0   1  2   1  3  1  0  0  0/0    13:02   0:00   2:57 
Mark McNeill             0  0  0   0  0   0  3  1  0  0  1/1    12:18   0:13   2:02 
Markus Granlund          0  1  1   1  2   2  2  0  0  0  1/4    15:14   4:37   0:00 
Mat Clark                0  0  0   1  0   1  3  0  0  1  0/0    20:05   3:59   0:00 
Mattias Backman          0  0  0  -1  0   0  0  0  0  0  0/0     5:37   0:00   2:03 
Nate Schmidt             0  0  0   0  0   2  1  1  0  2  0/0    29:41   5:56   4:59 
Nicolas Kerdiles         0  0  0   0  0   2  0  1  0  0  1/1    11:34   0:03   1:03 
Nikita Alexeev           1  0  1   1  2   1  2  0  0  0  0/0    16:24   4:37   0:00 
Sasha Pokulok            0  1  1   1  0   2  0  0  0  1  0/0    24:37   3:59   3:52 
Scott Laughton           0  0  0   3  2   2  6  0  0  0  15/31  20:52   5:05   0:49 
T.J Brodie               0  0  0   1  2   1  0  1  0  0  0/0    25:54   5:56   3:46 
Zack Smith               0  0  0   0  0   0  1  0  1  1  7/14   14:53   0:00   5:06 

Players Stats for Atomiques

Player Name              G  A  P  +/- PIM S  H  SB GA TA FO     MP     PP MP  PK MP  
------------------------------------------------------------------------------------
Anthony Nigro            1  0  1  -1  0   3  2  2  0  1  18/35  24:37   4:38   5:00 
Bobby Farnham            0  2  2   1  0   2  2  0  2  0  0/0    12:03   0:00   2:31 
Brock McGinn             0  1  1  -1  4   2  0  2  0  0  0/1    19:55   4:56   0:00 
Colby Cohen              0  0  0   0  0   0  1  0  0  0  0/0    13:16   0:13   0:00 
Dalton Smith             0  0  0  -1  0   0  1  0  0  0  0/0    10:21   0:07   1:06 
Davis Drewiske           0  0  0  -1  0   2  3  1  1  0  0/0    21:56   3:00   3:44 
Dwight King              0  0  0  -1  0   1  4  0  0  0  0/0    16:59   3:45   0:00 
Eric Gustafsson          1  0  1  -1  0   2  3  4  0  0  0/0    30:30   5:38   6:11 
Eric Mestery             0  1  1   0  2   0  0  0  0  1  0/0    11:45   0:00   0:00 
Jack Skille              0  2  2  -1  0   3  1  0  1  0  3/4    24:50   4:38   5:07 
Jacob De La Rose         0  0  0  -1  0   0  1  0  0  0  2/3    12:41   0:48   3:23 
Joseph Cramarossa        0  0  0   1  0   1  0  0  0  0  0/0     7:46   0:00   0:00 
Lucas Wallmark           2  0  2   1  0   2  0  1  0  0  1/1     8:55   0:00   0:53 
Matt Tennyson            0  0  0  -1  0   0  4  4  1  0  0/0    30:55   5:51   6:11 
Mitch Callahan           0  0  0  -1  0   1  0  0  0  0  0/0     8:31   0:11   0:00 
Ryan Shannon             0  0  0  -1  0   4  2  0  0  0  0/0    15:08   3:45   0:00 
Tyler Brenner            0  0  0  -1  4   0  3  1  1  1  3/9    18:14   3:45   1:50 
Wiley Sherman            0  1  1  -1  0   2  0  3  0  0  0/0    21:38   3:00   3:44 

3 Stars

1 - Jeremy Williams (Bre)
2 - Lucas Wallmark (STB)
3 - Blake Geoffrion (Bre)

Power Play

Carnivores - 0 on 5 Attempt(s) - 0.00%
Atomiques - 2 on 6 Attempt(s) - 33.33%

Penalty Kill

Carnivores - 4 on 6 Attempt(s) - 66.67% - Score 0 goal in Penalty Kill
Atomiques - 5 on 5 Attempt(s) - 100.00% - Score 0 goal in Penalty Kill

Team Stat

Carnivores - Hits : 30 - Faceoff Wins : 26 - Blocked Shots : 7 - Penalty Minutes : 12
Atomiques - Hits : 27 - Faceoff Wins : 27 - Blocked Shots : 18 - Penalty Minutes : 10

Official

Referees : Unknown
Linesman : Unknown

Game Notes

No Game Note

Finance

Level 1 -- Attendance: 1575 (78.75%) -- Ticket Income $63,000
Level 2 -- Attendance: 724 (72.40%) -- Ticket Income $14,480
Total Attendance: 2299 (76.63%)
Total Ticket Income: $77,480
Other Income: $3,874
Total Income: $81,354

Carnivores

5 vs 5 Forward 
   Center                   Left Wing                Right Wing               Time % Phy DF OF 
 1 Scott Laughton           Blake Geoffrion          Jeremy Williams          40     1   2  2  
 2 Markus Granlund          Jeremy Welsh             Nikita Alexeev           30     1   2  2  
 3 Zack Smith               Nicolas Kerdiles         Mark McNeill             20     1   2  2  
 4 Frederik Gauthier        Hunter Shinkaruk         Curtis Lazar             10     1   2  2  

5 vs 5 Defense 
   Defense                  Defense                                           Time % Phy DF OF 
 1 Nate Schmidt             T.J Brodie                                        40     1   2  2  
 2 Sasha Pokulok            Mat Clark                                         30     1   2  2  
 3 Josh Manson              David Schlemko                                    20     1   2  2  
 4 Nate Schmidt             Mattias Backman                                   10     1   2  2  

PowerPlay Forward 
   Center                   Left Wing                Right Wing               Time % Phy DF OF 
 1 Scott Laughton           Blake Geoffrion          Jeremy Williams          60     1   1  3  
 2 Markus Granlund          Jeremy Welsh             Nikita Alexeev           40     1   1  3  

PowerPlay Defense
   Defense                  Defense                                           Time % Phy DF OF 
 1 Nate Schmidt             T.J Brodie                                        60     1   2  2  
 2 Sasha Pokulok            Mat Clark                                         40     1   2  2  

Penalty Kill 4 Players Forward 
   Center                   Wing                     Time % Phy DF OF 
 1 Zack Smith               Blake Geoffrion          60     1   2  2  
 2 Frederik Gauthier        Mark McNeill             40     1   2  2  

Penalty Kill 4 Players Defense
   Defense                  Defense                  Time % Phy DF OF 
 1 Nate Schmidt             T.J Brodie               60     1   2  2  
 2 Sasha Pokulok            Josh Manson              40     1   2  2  

Penalty Kill - 3 Players Forward 
   Forward                                           Time % Phy DF OF 
 1 Mark McNeill                                      60     1   2  2  
 2 Zack Smith                                        40     1   2  2  

Penalty Kill - 3 Players Defense
   Defense                  Defense                  Time % Phy DF OF 
 1 Nate Schmidt             T.J Brodie               60     1   2  2  
 2 Sasha Pokulok            Josh Manson              40     1   2  2  

4 vs 4 Forward 
   Center                   Wing                     Time % Phy DF OF 
 1 Scott Laughton           Blake Geoffrion          60     1   2  2  
 2 Nikita Alexeev           Jeremy Welsh             40     1   2  2  

4 vs 4 Defense
   Defense                  Defense                  Time % Phy DF OF 
 1 Nate Schmidt             T.J Brodie               60     1   2  2  
 2 Sasha Pokulok            Mat Clark                40     1   2  2  

Last Minutes Offensive
   Center                   Left Wing                Right Wing               Defense                  Defense                  
   Scott Laughton           Blake Geoffrion          Jeremy Williams          Nate Schmidt             T.J Brodie               

Last Minutes Defensive
   Center                   Left Wing                Right Wing               Defense                  Defense                  
   Frederik Gauthier        Blake Geoffrion          Mark McNeill             Nate Schmidt             T.J Brodie               

Goaltenders
Starting : Niklas Svedberg          
Backup : Antti Raanta             

Extra Forwards
Normal : Curtis Lazar, Frederik Gauthier, Jeremy Williams - PP : Curtis Lazar, Jeremy Williams - PK : Jeremy Williams
Extra Defensemen
Normal : Mattias Backman, T.J Brodie, David Schlemko - PP : Mattias Backman - PK : Mattias Backman, T.J Brodie
Penalty Shots
Blake Geoffrion, Jeremy Williams, Nikita Alexeev, Zack Smith, Jeremy Welsh

Scratches
Adam Almquist (Healthy), Connor Clifton (Healthy), Stanislav Galiev (Healthy), Mark MacMillan (Healthy), Tyler Graovac (Healthy)
Troy Bourke (Healthy), Alexandre Mallet (Healthy), Michael Schumacher (Healthy), Tristan Jarry (Healthy)

Atomiques

5 vs 5 Forward 
   Center                   Left Wing                Right Wing               Time % Phy DF OF 
 1 Anthony Nigro            Brock McGinn             Jack Skille              40     1   2  2  
 2 Tyler Brenner            Dwight King              Ryan Shannon             30     1   2  2  
 3 Jacob De La Rose         Dalton Smith             Mitch Callahan           20     1   2  2  
 4 Lucas Wallmark           Joseph Cramarossa        Bobby Farnham            10     1   2  2  

5 vs 5 Defense 
   Defense                  Defense                                           Time % Phy DF OF 
 1 Matt Tennyson            Eric Gustafsson                                   40     1   2  2  
 2 Davis Drewiske           Wiley Sherman                                     30     1   2  2  
 3 Colby Cohen              Eric Mestery                                      20     1   2  2  
 4 Matt Tennyson            Eric Gustafsson                                   10     1   2  2  

PowerPlay Forward 
   Center                   Left Wing                Right Wing               Time % Phy DF OF 
 1 Anthony Nigro            Brock McGinn             Jack Skille              60     1   2  2  
 2 Tyler Brenner            Dwight King              Ryan Shannon             40     1   2  2  

PowerPlay Defense
   Defense                  Defense                                           Time % Phy DF OF 
 1 Matt Tennyson            Eric Gustafsson                                   60     1   2  2  
 2 Davis Drewiske           Wiley Sherman                                     40     1   2  2  

Penalty Kill 4 Players Forward 
   Center                   Wing                     Time % Phy DF OF 
 1 Anthony Nigro            Jack Skille              60     1   2  2  
 2 Tyler Brenner            Jacob De La Rose         40     1   2  2  

Penalty Kill 4 Players Defense
   Defense                  Defense                  Time % Phy DF OF 
 1 Matt Tennyson            Eric Gustafsson          60     1   2  2  
 2 Davis Drewiske           Wiley Sherman            40     1   2  2  

Penalty Kill - 3 Players Forward 
   Forward                                           Time % Phy DF OF 
 1 Dwight King                                       60     1   2  2  
 2 Jack Skille                                       40     1   2  2  

Penalty Kill - 3 Players Defense
   Defense                  Defense                  Time % Phy DF OF 
 1 Matt Tennyson            Eric Gustafsson          60     1   2  2  
 2 Davis Drewiske           Wiley Sherman            40     1   2  2  

4 vs 4 Forward 
   Center                   Wing                     Time % Phy DF OF 
 1 Anthony Nigro            Jack Skille              60     1   2  2  
 2 Tyler Brenner            Dwight King              40     1   2  2  

4 vs 4 Defense
   Defense                  Defense                  Time % Phy DF OF 
 1 Matt Tennyson            Eric Gustafsson          60     1   2  2  
 2 Davis Drewiske           Wiley Sherman            40     1   2  2  

Last Minutes Offensive
   Center                   Left Wing                Right Wing               Defense                  Defense                  
   Tyler Brenner            Dwight King              Jack Skille              Matt Tennyson            Eric Gustafsson          

Last Minutes Defensive
   Center                   Left Wing                Right Wing               Defense                  Defense                  
   Tyler Brenner            Dwight King              Jack Skille              Matt Tennyson            Davis Drewiske           

Goaltenders
Starting : Jake Allen               
Backup : Jeff Frazee              

Extra Forwards
Normal : Dwight King, Brock McGinn, Bobby Farnham - PP : Jacob De La Rose, Brock McGinn - PK : Bobby Farnham
Extra Defensemen
Normal : Colby Cohen, Wiley Sherman, Eric Gustafsson - PP : Colby Cohen - PK : Wiley Sherman, Eric Gustafsson
Penalty Shots
Dwight King, Jack Skille, Ryan Shannon, Tyler Brenner, Anthony Nigro

Scratches
Rickard Rakell (Sprained Right Finger Injury), Mike Halmo (Healthy), Max McCormick (Healthy), John Draeger (Healthy), Carl Dahlstrom (Healthy)
Corey Tropp (Healthy), Francois Tremblay (Healthy)

% Time on Ice - Carnivores

Lines # - Real PCT - Wanted PCT - Time Play
Normal Forward
1 - 33% - 40% - 13:36
2 - 26% - 30% - 10:38
3 - 24% - 20% - 9:46
4 - 18% - 10% - 7:14
Normal Defense
1 - 36% - 40% - 15:03
2 - 37% - 30% - 15:05
3 - 24% - 20% - 9:43
4 - 3% - 10% - 1:23
PP Forward
1 - 53% - 60% - 5:18
2 - 47% - 40% - 4:37
PP Defense
1 - 60% - 60% - 5:56
2 - 40% - 40% - 3:59
PK Forward
1 - 77% - 60% - 6:49
2 - 23% - 40% - 2:02
PK Defense
1 - 56% - 60% - 4:59
2 - 44% - 40% - 3:52
PK3 Forward
1 - 0% - 60%
2 - 0% - 40%
PK3 Defense
1 - 0% - 60%
2 - 0% - 40%
44 Forward
1 - 77% - 60% - 3:51
2 - 23% - 40% - 1:09
44 Defense
1 - 66% - 60% - 3:17
2 - 34% - 40% - 1:43
Last Minute Offensive  - 0:00
Last Minute Defensive  - 0:00
Total
Forward - 65:00
Defense - 65:00

% Time on Ice - Atomiques

Lines # - Real PCT - Wanted PCT - Time Play
Normal Forward
1 - 33% - 40% - 13:37
2 - 29% - 30% - 11:54
3 - 19% - 20% - 7:57
4 - 19% - 10% - 7:46
Normal Defense
1 - 39% - 40% - 16:11
2 - 31% - 30% - 12:57
3 - 27% - 20% - 11:16
4 - 2% - 10% - 0:50
PP Forward
1 - 58% - 60% - 5:06
2 - 42% - 40% - 3:45
PP Defense
1 - 66% - 60% - 5:51
2 - 34% - 40% - 3:00
PK Forward
1 - 66% - 60% - 6:32
2 - 34% - 40% - 3:23
PK Defense
1 - 62% - 60% - 6:11
2 - 38% - 40% - 3:44
PK3 Forward
1 - 0% - 60%
2 - 0% - 40%
PK3 Defense
1 - 0% - 60%
2 - 0% - 40%
44 Forward
1 - 84% - 60% - 4:13
2 - 16% - 40% - 0:47
44 Defense
1 - 61% - 60% - 3:03
2 - 39% - 40% - 1:57
Last Minute Offensive  - 0:00
Last Minute Defensive  - 0:00
Total
Forward - 65:00
Defense - 65:00

Play by Play

1st period


0:01 of 1st period - Scott Laughton wins face-off versus Anthony Nigro in neutral zone.
0:26 of 1st period - Nate Schmidt is hit by Matt Tennyson and loses puck.
0:49 of 1st period - Nate Schmidt is hit by Dalton Smith and loses puck.
1:16 of 1st period - T.J Brodie is hit by Bobby Farnham and loses puck.
1:56 of 1st period - Snap shot by Jeremy Welsh.
1:56 of 1st period - Stopped by Jake Allen with a rebound.
3:20 of 1st period - Wrist shot by Ryan Shannon.
3:20 of 1st period - Deflect By Sasha Pokulok.
3:20 of 1st period - Stopped by Niklas Svedberg with a rebound.
3:32 of 1st period - Mat Clark is hit by Matt Tennyson and loses puck.
3:37 of 1st period - Snap shot by Mitch Callahan.
3:37 of 1st period - Shot Blocked by Nicolas Kerdiles.
3:39 of 1st period - Wrist shot by Davis Drewiske.
3:39 of 1st period - Stopped by Niklas Svedberg without a rebound.
3:40 of 1st period - Anthony Nigro wins face-off versus Scott Laughton in Carnivores zone.
3:41 of 1st period - Wrist shot by Jack Skille.
3:41 of 1st period - Shot Misses the Net.
3:49 of 1st period - Snap shot by Blake Geoffrion.
3:49 of 1st period - Stopped by Jake Allen with a rebound.
3:51 of 1st period - Snap shot by Blake Geoffrion.
3:51 of 1st period - Goal by Blake Geoffrion - Carnivores : 1 - Atomiques : 0.
3:52 of 1st period - Scott Laughton wins face-off versus Brock McGinn in neutral zone.
3:57 of 1st period - Slapshot by Jeremy Williams.
3:57 of 1st period - Shot Misses the Net.
4:03 of 1st period - Snap shot by Anthony Nigro.
4:03 of 1st period - Stopped by Niklas Svedberg without a rebound.
4:04 of 1st period - Markus Granlund wins face-off versus Tyler Brenner in Carnivores zone.
4:04 of 1st period - Markus Granlund is hit by Ryan Shannon.
4:15 of 1st period - Wrist shot by Nikita Alexeev.
4:15 of 1st period - Shot Blocked by Matt Tennyson.
4:17 of 1st period - Snap shot by Nikita Alexeev.
4:17 of 1st period - Shot Blocked by Eric Gustafsson.
4:25 of 1st period - Minor Penalty to Tyler Brenner for Hooking.
4:26 of 1st period - Scott Laughton wins face-off versus Jack Skille in Atomiques zone.
6:25 of 1st period - Penalty to Tyler Brenner is over, Tyler Brenner is back on ice.
6:47 of 1st period - Snap shot by Ryan Shannon.
6:47 of 1st period - Stopped by Niklas Svedberg without a rebound.
6:48 of 1st period - Zack Smith wins face-off versus Tyler Brenner in Carnivores zone.
7:15 of 1st period - Hunter Shinkaruk is hit by Jack Skille and loses puck.
7:24 of 1st period - Slapshot by Hunter Shinkaruk.
7:24 of 1st period - Shot Blocked by Matt Tennyson.
7:29 of 1st period - Icing by Anthony Nigro.
7:30 of 1st period - Anthony Nigro wins face-off versus Scott Laughton in Atomiques zone.
7:30 of 1st period - Anthony Nigro is hit by Jeremy Williams.
7:46 of 1st period - Snap shot by Jeremy Williams.
7:46 of 1st period - Shot Blocked by Anthony Nigro.
8:40 of 1st period - Lucas Wallmark is hit by Hunter Shinkaruk.
9:04 of 1st period - Snap shot by Blake Geoffrion.
9:04 of 1st period - Stopped by Jake Allen without a rebound.
9:05 of 1st period - Scott Laughton wins face-off versus Anthony Nigro in Atomiques zone.
9:06 of 1st period - Snap shot by Blake Geoffrion.
9:06 of 1st period - Shot Blocked by Eric Gustafsson.
9:15 of 1st period - Minor Penalty to Brock McGinn for Hooking.
9:16 of 1st period - Anthony Nigro wins face-off versus Scott Laughton in Atomiques zone.
9:42 of 1st period - Markus Granlund is hit by Matt Tennyson and loses puck.
9:51 of 1st period - Backhand shot by Jeremy Welsh.
9:51 of 1st period - Shot Blocked by Tyler Brenner.
11:15 of 1st period - Penalty to Brock McGinn is over, Brock McGinn is back on ice.
11:36 of 1st period - Minor Penalty to Josh Manson for Cross-checking.
11:37 of 1st period - Zack Smith wins face-off versus Tyler Brenner in Carnivores zone.
11:41 of 1st period - Eric Gustafsson is hit by Blake Geoffrion and loses puck.
13:00 of 1st period - Zack Smith is hit by Davis Drewiske and loses puck.
13:21 of 1st period - Matt Tennyson is hit by Mark McNeill and loses puck.
13:36 of 1st period - Penalty to Josh Manson is over, Josh Manson is back on ice.
14:09 of 1st period - Matt Tennyson is hit by Hunter Shinkaruk and loses puck.
14:33 of 1st period - Wrist shot by Markus Granlund.
14:33 of 1st period - Stopped by Jake Allen with a rebound.
14:55 of 1st period - Snap shot by Davis Drewiske.
14:55 of 1st period - Shot Blocked by Frederik Gauthier.
14:57 of 1st period - Slapshot by Davis Drewiske.
14:57 of 1st period - Stopped by Niklas Svedberg with a rebound.
15:07 of 1st period - Anthony Nigro is hit by Scott Laughton.
15:11 of 1st period - Snap shot by Blake Geoffrion.
15:11 of 1st period - Stopped by Jake Allen without a rebound.
15:12 of 1st period - Jacob De La Rose wins face-off versus Scott Laughton in Atomiques zone.
15:22 of 1st period - Scott Laughton is hit by Jacob De La Rose.
15:40 of 1st period - Icing by Nate Schmidt.
15:41 of 1st period - Anthony Nigro wins face-off versus Markus Granlund in Carnivores zone.
15:51 of 1st period - Slapshot by Anthony Nigro.
15:51 of 1st period - Shot Misses the Net.
15:53 of 1st period - Snap shot by Jack Skille.
15:53 of 1st period - Stopped by Niklas Svedberg without a rebound.
15:54 of 1st period - Scott Laughton wins face-off versus Anthony Nigro in Carnivores zone.
16:24 of 1st period - Wrist shot by Ryan Shannon.
16:24 of 1st period - Stopped by Niklas Svedberg with a rebound.
17:10 of 1st period - Bobby Farnham is hit by Hunter Shinkaruk.
17:40 of 1st period - Jeremy Welsh is hit by Dwight King and loses puck.
17:45 of 1st period - Wrist shot by Ryan Shannon.
17:45 of 1st period - Stopped by Niklas Svedberg with a rebound.
17:50 of 1st period - Minor Penalty to Markus Granlund for Hooking.
17:51 of 1st period - Jack Skille wins face-off versus Zack Smith in Carnivores zone.
17:55 of 1st period - Wrist shot by Brock McGinn.
17:55 of 1st period - Stopped by Niklas Svedberg with a rebound.
17:57 of 1st period - Snap shot by Anthony Nigro.
17:57 of 1st period - Stopped by Niklas Svedberg without a rebound.
17:58 of 1st period - Jack Skille wins face-off versus Zack Smith in Carnivores zone.
17:59 of 1st period - Snap shot by Brock McGinn.
17:59 of 1st period - Stopped by Niklas Svedberg without a rebound.
18:00 of 1st period - Anthony Nigro wins face-off versus Zack Smith in Carnivores zone.
18:15 of 1st period - Wrist shot by Anthony Nigro.
18:15 of 1st period - Goal by Anthony Nigro - Carnivores : 1 - Atomiques : 1.
18:16 of 1st period - Scott Laughton wins face-off versus Anthony Nigro in neutral zone.
18:27 of 1st period - Snap shot by Blake Geoffrion.
18:27 of 1st period - Shot Blocked by Brock McGinn.
19:04 of 1st period - Slapshot by Eric Gustafsson.
19:04 of 1st period - Shot Blocked by Mark McNeill.
19:28 of 1st period - Lucas Wallmark is hit by Josh Manson and loses puck.
19:49 of 1st period - Brock McGinn is hit by Frederik Gauthier and loses puck.
Goals for this period are 1 for Carnivores vs 1 for Atomiques.
Shots for this period are 6 for Carnivores vs 12 for Atomiques.

2nd period


0:01 of 2nd period - Scott Laughton wins face-off versus Anthony Nigro in neutral zone.
0:26 of 2nd period - Nate Schmidt is hit by Dwight King and loses puck.
0:35 of 2nd period - Snap shot by Nikita Alexeev.
0:35 of 2nd period - Shot Blocked by Matt Tennyson.
0:53 of 2nd period - Dalton Smith is hit by Josh Manson and loses puck.
1:36 of 2nd period - Slapshot by Jeremy Williams.
1:36 of 2nd period - Goal by Jeremy Williams - Carnivores : 2 - Atomiques : 1.
1:37 of 2nd period - Scott Laughton wins face-off versus Anthony Nigro in neutral zone.
3:13 of 2nd period - Minor Penalty to Tyler Brenner for Cross-checking.
3:14 of 2nd period - Anthony Nigro wins face-off versus Scott Laughton in Atomiques zone.
3:14 of 2nd period - Anthony Nigro is hit by Jeremy Williams.
3:51 of 2nd period - Snap shot by T.J Brodie.
3:51 of 2nd period - Stopped by Jake Allen with a rebound.
4:55 of 2nd period - Jack Skille is hit by Scott Laughton and loses puck.
5:13 of 2nd period - Penalty to Tyler Brenner is over, Tyler Brenner is back on ice.
6:07 of 2nd period - Minor Penalty to Scott Laughton for Hooking.
6:08 of 2nd period - Zack Smith wins face-off versus Anthony Nigro in Carnivores zone.
6:17 of 2nd period - Off-side.
6:18 of 2nd period - Zack Smith wins face-off versus Anthony Nigro in neutral zone.
6:37 of 2nd period - Slapshot by Eric Gustafsson.
6:37 of 2nd period - Deflect By Blake Geoffrion.
6:37 of 2nd period - Goal by Eric Gustafsson - Carnivores : 2 - Atomiques : 2.
6:38 of 2nd period - Anthony Nigro wins face-off versus Scott Laughton in neutral zone.
6:50 of 2nd period - Off-side.
6:51 of 2nd period - Anthony Nigro wins face-off versus Scott Laughton in neutral zone.
7:03 of 2nd period - Minor Penalty to T.J Brodie for Hooking.
7:04 of 2nd period - Anthony Nigro wins face-off versus Zack Smith in Carnivores zone.
7:04 of 2nd period - Snap shot by Brock McGinn.
7:04 of 2nd period - Shot Misses the Net.
7:06 of 2nd period - Wrist shot by Jack Skille.
7:06 of 2nd period - Stopped by Niklas Svedberg without a rebound.
7:07 of 2nd period - Blake Geoffrion wins face-off versus Anthony Nigro in Carnivores zone.
7:45 of 2nd period - Snap shot by Mark McNeill.
7:45 of 2nd period - Shot Blocked by Eric Gustafsson.
7:47 of 2nd period - Slapshot by Nate Schmidt.
7:47 of 2nd period - Stopped by Jake Allen without a rebound.
7:48 of 2nd period - Anthony Nigro wins face-off versus Zack Smith in Atomiques zone.
8:13 of 2nd period - Blake Geoffrion is hit by Tyler Brenner and loses puck.
9:03 of 2nd period - Penalty to T.J Brodie is over, T.J Brodie is back on ice.
9:18 of 2nd period - Backhand shot by Nikita Alexeev.
9:18 of 2nd period - Shot Misses the Net.
9:57 of 2nd period - Slapshot by Nate Schmidt.
9:57 of 2nd period - Deflect By Hunter Shinkaruk.
9:57 of 2nd period - Shot Misses the Net.
9:57 of 2nd period - Puck is out of play.
9:58 of 2nd period - Lucas Wallmark wins face-off versus Frederik Gauthier in Atomiques zone.
9:58 of 2nd period - Lucas Wallmark is hit by Hunter Shinkaruk.
10:32 of 2nd period - Wrist shot by Hunter Shinkaruk.
10:32 of 2nd period - Stopped by Jake Allen with a rebound.
10:38 of 2nd period - Slapshot by Matt Tennyson.
10:38 of 2nd period - Shot Blocked by Josh Manson.
10:40 of 2nd period - Slapshot by Eric Gustafsson.
10:40 of 2nd period - Shot Misses the Net.
10:42 of 2nd period - Slapshot by Matt Tennyson.
10:42 of 2nd period - Shot Misses the Net.
10:44 of 2nd period - Wrist shot by Joseph Cramarossa.
10:44 of 2nd period - Shot Blocked by David Schlemko.
10:46 of 2nd period - Snap shot by Eric Gustafsson.
10:46 of 2nd period - Stopped by Niklas Svedberg without a rebound.
10:47 of 2nd period - Scott Laughton wins face-off versus Anthony Nigro in Carnivores zone.
11:12 of 2nd period - Davis Drewiske is hit by Nikita Alexeev and loses puck.
11:21 of 2nd period - Snap shot by Nikita Alexeev.
11:21 of 2nd period - Goal by Nikita Alexeev - Carnivores : 3 - Atomiques : 2.
11:22 of 2nd period - Anthony Nigro wins face-off versus Scott Laughton in neutral zone.
11:33 of 2nd period - Brock McGinn is hit by Nate Schmidt.
11:57 of 2nd period - Snap shot by Ryan Shannon.
11:57 of 2nd period - Shot Misses the Net.
12:17 of 2nd period - Off-side.
12:18 of 2nd period - Scott Laughton wins face-off versus Anthony Nigro in neutral zone.
12:29 of 2nd period - Snap shot by Jeremy Williams.
12:29 of 2nd period - Shot Blocked by Wiley Sherman.
12:33 of 2nd period - Snap shot by Blake Geoffrion.
12:33 of 2nd period - Stopped by Jake Allen with a rebound.
12:45 of 2nd period - Snap shot by Markus Granlund.
12:45 of 2nd period - Shot Blocked by Wiley Sherman.
12:51 of 2nd period - Ryan Shannon is hit by Markus Granlund and loses puck.
13:31 of 2nd period - Scott Laughton is hit by Bobby Farnham and loses puck.
13:58 of 2nd period - Nate Schmidt is hit by Anthony Nigro and loses puck.
14:19 of 2nd period - Nate Schmidt is hit by Eric Gustafsson and loses puck.
14:35 of 2nd period - Slapshot by Sasha Pokulok.
14:35 of 2nd period - Stopped by Jake Allen without a rebound.
14:36 of 2nd period - Jacob De La Rose wins face-off versus Scott Laughton in Atomiques zone.
14:45 of 2nd period - Wrist shot by Scott Laughton.
14:45 of 2nd period - Stopped by Jake Allen with a rebound.
14:47 of 2nd period - Snap shot by Scott Laughton.
14:47 of 2nd period - Stopped by Jake Allen without a rebound.
14:48 of 2nd period - Jack Skille wins face-off versus Scott Laughton in Atomiques zone.
14:50 of 2nd period - Minor Penalty to Brock McGinn for Holding.
14:51 of 2nd period - Scott Laughton wins face-off versus Anthony Nigro in Atomiques zone.
15:07 of 2nd period - Snap shot by Blake Geoffrion.
15:07 of 2nd period - Stopped by Jake Allen with a rebound.
16:22 of 2nd period - Dalton Smith is hit by Markus Granlund and loses puck.
16:50 of 2nd period - Penalty to Brock McGinn is over, Brock McGinn is back on ice.
16:55 of 2nd period - Tyler Brenner is hit by Josh Manson and loses puck.
17:01 of 2nd period - Icing by Jacob De La Rose.
17:02 of 2nd period - Mark McNeill wins face-off versus Tyler Brenner in Atomiques zone.
17:05 of 2nd period - Snap shot by Nicolas Kerdiles.
17:05 of 2nd period - Shot Misses the Net.
17:07 of 2nd period - Slapshot by David Schlemko.
17:07 of 2nd period - Stopped by Jake Allen without a rebound.
17:08 of 2nd period - Anthony Nigro wins face-off versus Zack Smith in Atomiques zone.
17:13 of 2nd period - Jack Skille is hit by Mark McNeill and loses puck.
17:34 of 2nd period - Eric Mestery is hit by Mat Clark and loses puck.
17:39 of 2nd period - Wrist shot by Jeremy Williams.
17:39 of 2nd period - Stopped by Jake Allen without a rebound.
17:40 of 2nd period - Scott Laughton wins face-off versus Tyler Brenner in Atomiques zone.
17:43 of 2nd period - Snap shot by Jeremy Williams.
17:43 of 2nd period - Shot Blocked by Matt Tennyson.
17:45 of 2nd period - Snap shot by Blake Geoffrion.
17:45 of 2nd period - Stopped by Jake Allen without a rebound.
17:46 of 2nd period - Tyler Brenner wins face-off versus Scott Laughton in Atomiques zone.
17:46 of 2nd period - Tyler Brenner is hit by Scott Laughton.
18:00 of 2nd period - Minor Penalty to Blake Geoffrion for Holding.
18:01 of 2nd period - Anthony Nigro wins face-off versus Zack Smith in Carnivores zone.
19:58 of 2nd period - Scott Laughton is hit by Davis Drewiske.
0:00 of 3rd period - Penalty to Blake Geoffrion is over, Blake Geoffrion is back on ice.
Goals for this period are 2 for Carnivores vs 1 for Atomiques.
Shots for this period are 13 for Carnivores vs 3 for Atomiques.

3rd period


0:01 of 3rd period - Anthony Nigro wins face-off versus Scott Laughton in neutral zone.
0:28 of 3rd period - Snap shot by Dwight King.
0:28 of 3rd period - Stopped by Niklas Svedberg without a rebound.
0:29 of 3rd period - Tyler Brenner wins face-off versus Markus Granlund in Carnivores zone.
0:35 of 3rd period - Minor Penalty to Nikita Alexeev for Roughing.
0:36 of 3rd period - Zack Smith wins face-off versus Anthony Nigro in Carnivores zone.
0:36 of 3rd period - Zack Smith is hit by Eric Gustafsson.
1:05 of 3rd period - Dwight King is hit by Zack Smith and loses puck.
1:20 of 3rd period - Slapshot by Nate Schmidt.
1:20 of 3rd period - Shot Blocked by Anthony Nigro.
2:35 of 3rd period - Penalty to Nikita Alexeev is over, Nikita Alexeev is back on ice.
2:41 of 3rd period - Wrist shot by Jeremy Welsh.
2:41 of 3rd period - Deflect By Markus Granlund.
2:41 of 3rd period - Stopped by Jake Allen with a rebound.
2:43 of 3rd period - Slapshot by Josh Manson.
2:43 of 3rd period - Shot Blocked by Lucas Wallmark.
2:45 of 3rd period - Slapshot by Josh Manson.
2:45 of 3rd period - Stopped by Jake Allen with a rebound.
3:07 of 3rd period - Snap shot by Bobby Farnham.
3:07 of 3rd period - Shot Misses the Net.
3:09 of 3rd period - Snap shot by Bobby Farnham.
3:09 of 3rd period - Shot Misses the Net.
3:11 of 3rd period - Slapshot by Davis Drewiske.
3:11 of 3rd period - Shot Blocked by Nate Schmidt.
3:13 of 3rd period - Wrist shot by Bobby Farnham.
3:13 of 3rd period - Stopped by Niklas Svedberg with a rebound.
3:15 of 3rd period - Snap shot by Joseph Cramarossa.
3:15 of 3rd period - Stopped by Niklas Svedberg with a rebound.
3:17 of 3rd period - Slapshot by Wiley Sherman.
3:17 of 3rd period - Stopped by Niklas Svedberg with a rebound.
3:19 of 3rd period - Backhand shot by Wiley Sherman.
3:19 of 3rd period - Stopped by Niklas Svedberg with a rebound.
3:21 of 3rd period - Snap shot by Bobby Farnham.
3:21 of 3rd period - Stopped by Niklas Svedberg with a rebound.
3:23 of 3rd period - Wrist shot by Lucas Wallmark.
3:23 of 3rd period - Goal by Lucas Wallmark - Carnivores : 3 - Atomiques : 3.
3:24 of 3rd period - Anthony Nigro wins face-off versus Scott Laughton in neutral zone.
3:42 of 3rd period - Eric Gustafsson is hit by Scott Laughton.
4:36 of 3rd period - Lucas Wallmark is hit by Mat Clark and loses puck.
4:45 of 3rd period - Hunter Shinkaruk is hit by Matt Tennyson and loses puck.
5:18 of 3rd period - Snap shot by Jeremy Welsh.
5:18 of 3rd period - Stopped by Jake Allen with a rebound.
5:20 of 3rd period - Slapshot by David Schlemko.
5:20 of 3rd period - Deflect By Davis Drewiske.
5:20 of 3rd period - Stopped by Jake Allen with a rebound.
5:28 of 3rd period - David Schlemko is hit by Dwight King and loses puck.
5:43 of 3rd period - Nicolas Kerdiles is hit by Davis Drewiske and loses puck.
5:50 of 3rd period - Slapshot by Mitch Callahan.
5:50 of 3rd period - Stopped by Niklas Svedberg without a rebound.
5:51 of 3rd period - Anthony Nigro wins face-off versus Scott Laughton in Carnivores zone.
6:04 of 3rd period - Snap shot by Jeremy Williams.
6:04 of 3rd period - Stopped by Jake Allen with a rebound.
6:06 of 3rd period - Snap shot by Jeremy Williams.
6:06 of 3rd period - Shot Blocked by Brock McGinn.
6:20 of 3rd period - Snap shot by Nikita Alexeev.
6:20 of 3rd period - Shot Blocked by Eric Gustafsson.
6:46 of 3rd period - Snap shot by Nicolas Kerdiles.
6:46 of 3rd period - Shot Misses the Net.
6:48 of 3rd period - Minor Penalty to Eric Mestery for Holding Stick.
6:49 of 3rd period - Anthony Nigro wins face-off versus Scott Laughton in Atomiques zone.
7:31 of 3rd period - Icing by Sasha Pokulok.
7:32 of 3rd period - Anthony Nigro wins face-off versus Markus Granlund in Carnivores zone.
8:48 of 3rd period - Penalty to Eric Mestery is over, Eric Mestery is back on ice.
9:19 of 3rd period - Wrist shot by Mat Clark.
9:19 of 3rd period - Stopped by Jake Allen with a rebound.
9:21 of 3rd period - Snap shot by Sasha Pokulok.
9:21 of 3rd period - Deflect By Bobby Farnham.
9:21 of 3rd period - Stopped by Jake Allen with a rebound.
9:23 of 3rd period - Slapshot by Hunter Shinkaruk.
9:23 of 3rd period - Shot Misses the Net.
10:13 of 3rd period - Snap shot by Bobby Farnham.
10:13 of 3rd period - Shot Blocked by T.J Brodie.
10:15 of 3rd period - Backhand shot by Eric Mestery.
10:15 of 3rd period - Shot Misses the Net.
10:17 of 3rd period - Snap shot by Lucas Wallmark.
10:17 of 3rd period - Goal by Lucas Wallmark - Carnivores : 3 - Atomiques : 4.
10:18 of 3rd period - Scott Laughton wins face-off versus Anthony Nigro in neutral zone.
10:43 of 3rd period - T.J Brodie is hit by Tyler Brenner and loses puck.
11:10 of 3rd period - Jacob De La Rose is hit by Mat Clark.
11:45 of 3rd period - Josh Manson is hit by Anthony Nigro and loses puck.
11:52 of 3rd period - Wrist shot by Jack Skille.
11:52 of 3rd period - Stopped by Niklas Svedberg without a rebound.
11:53 of 3rd period - Tyler Brenner wins face-off versus Scott Laughton in Carnivores zone.
12:07 of 3rd period - Tyler Brenner is hit by Scott Laughton and loses puck.
12:18 of 3rd period - Eric Mestery is hit by Mark McNeill and loses puck.
12:25 of 3rd period - Wrist shot by Nicolas Kerdiles.
12:25 of 3rd period - Stopped by Jake Allen without a rebound.
12:26 of 3rd period - Scott Laughton wins face-off versus Anthony Nigro in Atomiques zone.
12:39 of 3rd period - Snap shot by Jeremy Williams.
12:39 of 3rd period - Shot Misses the Net.
13:29 of 3rd period - Icing by Wiley Sherman.
13:30 of 3rd period - Zack Smith wins face-off versus Tyler Brenner in Atomiques zone.
13:31 of 3rd period - Snap shot by Nicolas Kerdiles.
13:31 of 3rd period - Shot Misses the Net.
13:33 of 3rd period - Slapshot by Nate Schmidt.
13:33 of 3rd period - Stopped by Jake Allen with a rebound.
13:35 of 3rd period - Slapshot by Nicolas Kerdiles.
13:35 of 3rd period - Stopped by Jake Allen with a rebound.
13:37 of 3rd period - Snap shot by Nicolas Kerdiles.
13:37 of 3rd period - Deflect By Zack Smith.
13:37 of 3rd period - Shot Blocked by Davis Drewiske.
13:37 of 3rd period - Puck is out of play.
13:38 of 3rd period - Nicolas Kerdiles wins face-off versus Anthony Nigro in Atomiques zone.
15:20 of 3rd period - Snap shot by Wiley Sherman.
15:20 of 3rd period - Shot Misses the Net.
15:30 of 3rd period - Mat Clark is hit by Tyler Brenner and loses puck.
16:18 of 3rd period - Slapshot by Sasha Pokulok.
16:18 of 3rd period - Shot Misses the Net.
16:34 of 3rd period - Snap shot by Jeremy Williams.
16:34 of 3rd period - Goal by Jeremy Williams - Carnivores : 4 - Atomiques : 4.
16:35 of 3rd period - Zack Smith wins face-off versus Jacob De La Rose in neutral zone.
17:21 of 3rd period - Backhand shot by Jeremy Welsh.
17:21 of 3rd period - Shot Blocked by Wiley Sherman.
17:29 of 3rd period - Jeremy Welsh is hit by Ryan Shannon and loses puck.
17:59 of 3rd period - T.J Brodie is hit by Colby Cohen and loses puck.
18:22 of 3rd period - Wrist shot by Blake Geoffrion.
18:22 of 3rd period - Shot Misses the Net.
Goals for this period are 1 for Carnivores vs 2 for Atomiques.
Shots for this period are 11 for Carnivores vs 10 for Atomiques.

Overtime #1


0:01 of 1st overtime period - Scott Laughton wins face-off versus Anthony Nigro in neutral zone.
0:16 of 1st overtime period - T.J Brodie is hit by Eric Gustafsson.
3:00 of 1st overtime period - Davis Drewiske is hit by Scott Laughton.
3:20 of 1st overtime period - Nate Schmidt is hit by Dwight King and loses puck.
3:29 of 1st overtime period - Davis Drewiske is hit by Jeremy Welsh and loses puck.
4:53 of 1st overtime period - Matt Tennyson is hit by Nikita Alexeev and loses puck.
Goals for this period are 0 for Carnivores vs 0 for Atomiques.
Shots for this period are 0 for Carnivores vs 0 for Atomiques.

ShootOut


5:00 of 1st overtime period - Penalty Shot by Blake Geoffrion for Carnivores.
5:00 of 1st overtime period - Snap shot by Blake Geoffrion.
5:00 of 1st overtime period - Shot Misses the Net.
5:00 of 1st overtime period - Penalty Shot by Dwight King for Atomiques.
5:00 of 1st overtime period - Deke by Dwight King.
5:00 of 1st overtime period - Shot Misses the Net.
5:00 of 1st overtime period - Penalty Shot by Jeremy Williams for Carnivores.
5:00 of 1st overtime period - Wrist shot by Jeremy Williams.
5:00 of 1st overtime period - Shot Misses the Net.
5:00 of 1st overtime period - Penalty Shot by Jack Skille for Atomiques.
5:00 of 1st overtime period - Snap shot by Jack Skille.
5:00 of 1st overtime period - Stopped by Niklas Svedberg.
5:00 of 1st overtime period - Penalty Shot by Nikita Alexeev for Carnivores.
5:00 of 1st overtime period - Wrist shot by Nikita Alexeev.
5:00 of 1st overtime period - Shot Misses the Net.
5:00 of 1st overtime period - Penalty Shot by Ryan Shannon for Atomiques.
5:00 of 1st overtime period - Wrist shot by Ryan Shannon.
5:00 of 1st overtime period - Goal by Ryan Shannon.